 Seeded DCSS version 0.30.1-11-g7821555f0a (webtiles) character file.

Game seed: 430007637681659361 (custom seed)

842982 mattiecakes the Bringer of Light (level 27, -3/185 (194) HPs)
             Began as a Gargoyle Fighter on Nov 13, 2023.
             Was the Champion of the Shining One.
             Killed from afar by a Brimstone Fiend (24 damage)
             ... with damnation
             ... on level 3 of Gehenna on Nov 14, 2023.
             The game lasted 03:57:58 (70604 turns).

mattiecakes the Bringer of Light (GrFi)            Turns: 70604, Time: 03:57:58

HP:   -3/185 (194)  AC: 60    Str: 37    XL:     27
MP:   24/32         EV: 13    Int: 17    God:    the Shining One [******]
Gold: 9513          SH: 24    Dex: 22    Spells: 26/26 levels left

rFire   + + +        s - +9 broad axe (spect)
rCold   + + +        M - +5 Storm Queen's Shield {shock, Fly rElec}
rNeg    + + +        Q - +2 gold dragon scales
rPois   ∞            e - +3 helmet of Henotheism {rC- Dex+8}
rElec   +            O - scarf {rC+ rF+}
rCorr   .            Y - +0 pair of gloves "Fuuqi" {Will+ Str+3 Stlth+}
SInv    .            b - +2 pair of boots {Fly}
Will    ++++.        U - amulet of regeneration Stlth
                     v - ring "Vythru" {rF+ Will+ Dex+6 Stlth-}
HPRegen 0.00/turn    X - ring of Myshaula {rC++ EV+5 Int+5 Stlth+}
MPRegen 0.23/turn

%: no passive effects
@: flying, inhibited regen, glowing, studying Hexes, lightly drained, unable to
read
A: sickness immunity, AC +20, big wings, negative energy resistance 1,
electricity resistance, torment resistance 1, petrification resistance, cold
resistance 1, deterioration 1, low MP 2, screaming 1, inhibited regeneration,
strong 1, devolution 1
}: 9/15 runes: decaying, silver, abyssal, demonic, glowing, magical, fiery,
dark, gossamer
a: Renounce Religion, Divine Shield, Cleansing Flame, Summon Divine Warrior,
Brand Weapon With Holy Wrath


You were on level 3 of Gehenna.
You worshipped the Shining One.
The Shining One was exalted by your worship.
You visited 13 branches of the dungeon, and saw 53 of its levels.
You visited Pandemonium 2 times, and saw 19 of its levels.
You visited the Abyss 4 times.
You visited 1 bazaar.
You also visited: Ossuary.

You collected 12871 gold pieces.
You spent 3358 gold pieces at shops.

Inventory:

Hand Weapons
 p - the +8 dire flail "Beastslayer" {antimagic, Int+3 Dex+3}
   (You took it off a rakshasa in Pandemonium)

   Int:       It affects your intelligence (+3).
   Dex:       It affects your dexterity (+3).
 s - a +9 spectral broad axe (weapon)
 A - the +8 frozen axe "Frostbite" {freeze, freezing cloud, *Noise Fly rC+}
   (You took it off a vault warden on level 5 of the Vaults)

   rC:        It protects you from cold.
   Fly:       It grants you flight.
   *Noise:    It may make noises in combat.
Armour
 b - a +2 pair of boots of flying (worn)
 e - the +3 helmet of Henotheism (worn) {rC- Dex+8}
   (You acquired it on level 2 of the Dungeon)

   Dex:       It affects your dexterity (+8).
   rC:        It makes you vulnerable to cold.
 n - a +2 cloak of preservation
 M - the +5 Storm Queen's Shield (worn) {shock, Fly rElec}
   (You acquired it on level 9 of the Dungeon)

   Shock:     When it blocks an attack, it may electrocute the attacker.
   This works even against foes who are a short distance away.
   rElec:     It insulates you from electricity.
   Fly:       It grants you flight.
 O - a scarf of resistance (worn)
 Q - +2 gold dragon scales (worn)
 Y - the +0 pair of gloves "Fuuqi" (worn) {Will+ Str+3 Stlth+}
   (You found it on level 3 of the Elven Halls)

   Str:       It affects your strength (+3).
   Will:      It increases your willpower.
   Stlth:     It makes you more stealthy.
Jewellery
 l - an amulet of reflection
 v - the ring "Vythru" (left hand) {rF+ Will+ Dex+6 Stlth-}
   (You found it on level 5 of the Vaults)

   [ring of dexterity]

   Dex:       It affects your dexterity (+6).
   rF:        It protects you from fire.
   Will:      It increases your willpower.
   Stlth:     It makes you less stealthy.
 D - the ring of the Lotus Blossom {rF+ rC+ Str+3 Int+6 Stlth-}
   (You found it in Pandemonium)

   [ring of protection from cold]

   Str:       It affects your strength (+3).
   Int:       It affects your intelligence (+6).
   rF:        It protects you from fire.
   rC:        It protects you from cold.
   Stlth:     It makes you less stealthy.
 U - an amulet of regeneration (around neck)
 X - the ring of Myshaula (right hand) {rC++ EV+5 Int+5 Stlth+}
   (You found it on level 15 of the Dungeon)

   [ring of evasion]

   EV:        It affects your evasion (+5).
   Int:       It affects your intelligence (+5).
   rC:        It greatly protects you from cold.
   Stlth:     It makes you more stealthy.
Wands
 g - a wand of paralysis (69)
 j - a wand of polymorph (14)
 y - a wand of iceblast (49)
 I - a wand of flame (49)
 P - a wand of digging (6)
 R - a wand of mindburst (46)
 V - a wand of light (32)
Scrolls
 c - 2 scrolls of enchant weapon
 f - 22 scrolls of teleportation
 m - a scroll of enchant armour
 o - 7 scrolls of immolation
 q - 7 scrolls of amnesia
 u - 5 scrolls of blinking
 w - 3 scrolls of silence
 x - 12 scrolls of poison
 B - 11 scrolls of fog
 G - 12 scrolls of brand weapon
 L - 8 scrolls of fear
 N - 4 scrolls of magic mapping
 T - 3 scrolls of summoning
 Z - 36 scrolls of identify
Potions
 a - 25 potions of curing
 d - 2 potions of magic
 h - 4 potions of heal wounds
 i - 2 potions of invisibility
 k - 2 potions of cancellation
 r - 14 potions of attraction
 t - 5 potions of might
 C - 5 potions of brilliance
 E - 5 potions of lignification
 F - 6 potions of berserk rage
 J - 10 potions of ambrosia
 K - 4 potions of resistance
 S - 2 potions of haste


   Skills:
 + Level 25.6 Fighting
 + Level 24.0 Axes
 + Level 25.6 Armour
 + Level 25.6 Shields
 O Level 27 Invocations
 - Level 10.2 Evocations


You had 26 spell levels left.
You didn't know any spells.
Your spell library contained the following spells:

 Spells                   Type           Power      Damage    Failure   Level
 Apportation              Tloc           0%         N/A       71%         1
 Necrotise                Necr           0%         1d4       71%         1
 Sandblast                Erth           0%         2d4       71%         1
 Shock                    Conj/Air       0%         1d3       71%         1
 Slow                     Hex            0%         N/A       71%         1
 Sting                    Tmut/Pois      0%         1d3       71%         1
 Summon Small Mammal      Summ           0%         N/A       71%         1
 Blink                    Tloc           0%         N/A       85%         2
 Call Imp                 Summ           0%         N/A       85%         2
 Ensorcelled Hibernation  Hex/Ice        0%         N/A       85%         2
 Lesser Beckoning         Tloc           0%         N/A       85%         2
 Momentum Strike          Conj/Tloc      0%         3d8       85%         2
 Passwall                 Tmut/Erth      0%         N/A       85%         2
 Poisonous Vapours        Pois/Air       0%         N/A       85%         2
 Static Discharge         Conj/Air       0%         2-2/arc   85%         2
 Call Canine Familiar     Summ           0%         N/A       97%         3
 Confusing Touch          Hex            0%         N/A       97%         3
 Dazzling Flash           Conj/Hex       0%         N/A       97%         3
 Gell's Gravitas          Tloc           0%         N/A       97%         3
 Hailstorm                Conj/Ice       0%         3d3       97%         3
 Ignite Poison            Fire/Tmut/Pois 0%         N/A       97%         3
 Inner Flame              Hex/Fire       0%         N/A       97%         3
 Mephitic Cloud           Conj/Pois/Air  0%         N/A       97%         3
 Ozocubu's Armour         Ice            0%         N/A       97%         3
 Portal Projectile        Hex/Tloc       0%         N/A       97%         3
 Stone Arrow              Conj/Erth      0%         3d7       97%         3
 Summon Guardian Golem    Hex/Summ       0%         N/A       97%         3
 Swiftness                Air            0%         N/A       97%         3
 Teleport Other           Tloc           0%         N/A       97%         3
 Tukima's Dance           Hex            0%         N/A       97%         3
 Vampiric Draining        Necr           0%         2d6       97%         3
 Vhi's Electric Charge    Tloc/Air       0%         N/A       97%         3
 Volatile Blastmotes      Fire/Tloc      0%         2d10      97%         3
 Anguish                  Hex/Necr       0%         N/A       100%        4
 Animate Armour           Summ/Erth      0%         N/A       100%        4
 Cause Fear               Hex            0%         N/A       100%        4
 Flame Wave               Conj/Fire      0%         2d4       100%        4
 Fulminant Prism          Conj/Hex       0%         3d5       100%        4
 Ice Form                 Ice/Tmut       0%         N/A       100%        4
 Iskenderun's Mystic Bla  Conj/Tloc      0%         2d3       100%        4
 Leda's Liquefaction      Hex/Erth       0%         N/A       100%        4
 Manifold Assault         Tloc           0%         N/A       100%        4
 Olgreb's Toxic Radiance  Pois           0%         N/A       100%        4
 Passage of Golubria      Tloc           0%         N/A       100%        4
 Petrify                  Tmut/Erth      0%         N/A       100%        4
 Sticky Flame             Conj/Fire      0%         2d3       100%        4
 Summon Lightning Spire   Summ/Air       0%         N/A       100%        4
 Agony                    Necr           0%         N/A       100%        5
 Alistair's Intoxication  Tmut/Pois      0%         N/A       100%        5
 Arcjolt                  Conj/Air       0%         1d10      100%        5
 Borgnjor's Vile Clutch   Necr/Erth      0%         N/A       100%        5
 Fireball                 Conj/Fire      0%         3d3       100%        5
 Freezing Cloud           Conj/Ice/Air   0%         6-21      100%        5
 Irradiate                Conj/Tmut      0%         3d11      100%        5
 Lee's Rapid Deconstruct  Erth           0%         3d4*      100%        5
 Metabolic Englaciation   Hex/Ice        0%         N/A       100%        5
 Silence                  Hex/Air        0%         N/A       100%        5
 Summon Forest            Summ/Tloc      0%         N/A       100%        5
 Summon Mana Viper        Hex/Summ       0%         N/A       100%        5
 Yara's Violent Unravell  Hex/Tmut       0%         3d3       100%        5
 Conjure Ball Lightning   Conj/Air       0%         3x3d6     100%        6
 Eringya's Noxious Bog    Tmut/Pois      0%         N/A       100%        6
 Iron Shot                Conj/Erth      0%         9d1       100%        6
 Plasma Beam              Fire/Air       0%         2x1d11    100%        6
 Simulacrum               Ice/Necr       0%         N/A       100%        6
 Starburst                Conj/Fire      0%         6d3       100%        6
 Summon Cactus Giant      Summ           0%         N/A       100%        6
 Dragon Form              Tmut           0%         N/A       100%        7
 Enfeeble                 Hex            0%         N/A       100%        7
 Haunt                    Necr/Summ      0%         N/A       100%        7
 Monstrous Menagerie      Summ           0%         N/A       100%        7
 Storm Form               Tmut/Air       0%         N/A       100%        7
 Summon Hydra             Summ           0%         N/A       100%        7
 Discord                  Hex            0%         N/A       100%        8
 Disjunction              Tloc           0%         N/A       100%        8
 Ignition                 Fire           0%         3d3       100%        8
 Lehudib's Crystal Spear  Conj/Erth      0%         10d2      100%        8
 Maxwell's Capacitive Co  Air            0%         ∞         100%        8
 Dragon's Call            Summ           0%         N/A       100%        9
 Fire Storm               Conj/Fire      0%         5d1       100%        9
 Cigotuvi's Dreadful Rot  Necr/Pois/Air  Unusable   N/A       N/A         2
 Sublimation of Blood     Necr           Unusable   N/A       N/A         2
 Statue Form              Tmut/Erth      Unusable   N/A       N/A         6

Dungeon Overview and Level Annotations

Branches:
Dungeon (15/15)            Temple (1/1) D:4            Lair (5/5) D:8
  Swamp (4/4) Lair:3       Spider (4/4) Lair:2        Slime (0/5) Lair:5
    Orc (2/2) D:11            Elf (3/3) Orc:2        Vaults (5/5) D:13
  Crypt (0/3) Vaults:3     Depths (4/4) D:15           Hell (visited)
    Dis (0/7) Hell            Geh (3/7) Hell            Coc (1/7) Hell
    Tar (0/7) Hell            Zot (5/5) Depths:4    Ossuary (visited)

Altars:
Ashenzari
Cheibriados
Dithmenos
Elyvilon
Fedhas
Gozag
Hepliaklqana
Kikubaaqudgha
Makhleb
Nemelex Xobeh
Okawaru
Qazlal
Ru
Sif Muna
Trog
Uskayaw
Vehumet
Wu Jian
Xom
Yredelemnul
Zin
The Shining One
Jiyva

Shops:
D:6 !   Orc:1 (   Orc:2 =*[(:   Elf:2 =   Elf:3 !   Vaults:1 !   Vaults:2 ?
Vaults:4 (   Vaults:5 ?*   Zot:1 *   Depths:2 [(![   Depths:3 (

Portals:
Hell: Depths:1 Depths:2 Depths:3 Depths:4
Abyss: Depths:3 Depths:4
Pandemonium: Depths:2
Ziggurat: Depths:4

Annotations:
Temple 2 transporters


Innate Abilities, Weirdness & Mutations

You are immune to sickness and miasma.
Your stone body is resilient. (AC +20)
You are immune to poison.
Your large and strong wings let you fly.
You resist negative energy. (rN+)
You are resistant to electric shocks. (rElec)
You are resistant to unholy torment.
You are immune to petrification.
Your flesh is cold resistant. (rC+)
Your body sometimes deteriorates upon taking damage.
Your magical capacity is very low. (-20% MP)
You occasionally shout uncontrollably at your foes.
You do not regenerate when monsters are visible.
Your muscles are strong. (Str +4, Int/Dex -1)
You have hidden genetic defects.


Message History

You slice the Brimstone Fiend!!
The Brimstone Fiend is almost dead.
You slash the hellephant!
Your +9 spectral broad axe hits the Brimstone Fiend!
Your +9 spectral broad axe hits the hellephant.
Your +9 spectral broad axe hits the hellephant!
Your +9 spectral broad axe hits the Brimstone Fiend but does no damage.
The hellephant tramples you!
You are shoved backwards!
The Brimstone Fiend hits your +9 spectral broad axe but does no damage.
The Brimstone Fiend hits your +9 spectral broad axe.
The Brimstone Fiend hits your +9 spectral broad axe but does no damage.
You are too injured to fight recklessly!
You are too injured to fight recklessly!
Unknown command.
You are too injured to fight recklessly!
You slash the hellephant!
The hellephant is heavily wounded.
Your +9 spectral broad axe hits the hellephant!!!
Your +9 spectral broad axe hits the Brimstone Fiend but does no damage.
You slash the hellephant!
The hellephant is severely wounded.
The Brimstone Fiend roars!
Your +9 spectral broad axe hits the hellephant!!
The hellephant blinks!
The Brimstone Fiend gestures at you.
The sphere of damnation explodes!
The damnation engulfs you!!!
* * * LOW HITPOINT WARNING * * *
The damnation engulfs your +9 spectral broad axe!!!
Your spectral weapon shares its damage with you!
Your +9 spectral broad axe disappears.
* * * LOW HITPOINT WARNING * * *
Unknown command.
Unknown command.
Unknown command.
You are momentarily dazzled by a brilliant light.
The Brimstone Fiend gestures at you.
The sphere of damnation explodes!
The damnation engulfs the Brimstone Fiend.
The Brimstone Fiend completely resists.
The damnation engulfs you!!
You die...

...≈. ..≈≈# #.≈≈≈#
...§≈# ####..≈≈≈#
##.#...≈≈..
#......≈≈≈. ..###
##.Y∩..≈§≈≈.
......##@A...≈§§≈..
.....1.1.....≈..≈..
#.#.#..............
###..#.##.#...#
###### ######


You could see a hellephant (ally target), 2 Brimstone Fiends and a friendly
daeva (summoned).

Vanquished Creatures
  Cerebov (Pan)
  3 pandemonium lords (Pan)
  Mnoleg (Pan)
  Ignacio (Pan)
  A seraph (Pan)
  Gloorx Vloq (Pan)
  Lom Lobon (Pan)
  5 dread liches
  2 orbs of fire (Zot:5)
  7 ancient liches
  The ghost of Kuilauji the Black Belt, a legendary GnFE of Okawaru (Zot:1)
  A juggernaut (Depths:3)
  The ghost of Adanaf the Conqueror, a master MiBe of Trog (Zot:1)
  3 royal mummies (Depths:2)
  Boris (Depths:4)
  Bai Suzhen (Vaults:5)
  6 Killer Klowns
  A curse toe (Zot:5)
  Geryon (Hell)
  2 caustic shrikes (Depths:3)
  13 golden dragons
  The ghost of Karoneja the Marksmeteoran, an adept MeHs of Ashenzari (Zot:1)
  A bone dragon (Swamp:4)
  A pearl dragon (Pan)
  Arachne (Spider:2)
  A doom hound (Hell)
  2 Tzitzimimeh (Pan)
  A hellephant (Geh:1)
  4 electric golems
  26 tentacled monstrosities
  Jorgrun (Orc:1)
  Mlioglotl (Spider:2)
  25 Orb Guardians (Zot:5)
  4 Brimstone Fiends (Pan)
  7 Hell Sentinels (Pan)
  3 Ice Fiends (Pan)
  2 deep elf blademasters (Elf:3)
  3 liches
  A deep elf master archer (Elf:3)
  3 titans
  3 searing wretches
  6 quicksilver dragons
  14 Executioners (Pan)
  Gastronok (Lair:2)
  3 sphinxes
  7 death cobs
  A kraken (Abyss:3)
  5 storm dragons
  An eldritch tentacle (Pan)
  A thorn hunter (Swamp:2)
  Kirke (Lair:4)
  7 shadow dragons
  8 tengu reavers
  8 daevas (Pan)
  3 fenstrider witches
  7 draconian monks
  7 demonspawn warmongers (Pan)
  8 draconian scorchers
  8 draconian knights
  A nargun (Coc:1)
  An iron dragon (Depths:3)
  7 deep elf sorcerers (Elf:3)
  10 frost giants
  4 emperor scorpions
  7 ghost moths
  14 fire giants
  17 vault wardens
  23 balrugs
  3 orc warlords
  4 deep elf elementalists (Elf:3)
  A ghoul (Vaults:3)
  2 curse skulls (Pan)
  11 draconian annihilators
  18 ironbound preservers
  5 draconian stormcallers
  A caustic shrike zombie (Depths:3)
  A demonspawn corrupter (Pan)
  4 demonspawn blood saints (Pan)
  A juggernaut zombie (Depths:3)
  24 angels (Pan)
  33 very ugly things
  7 draconian shifters
  14 cacodemons (Pan)
  6 war gargoyles
  9 ophanim (Pan)
  12 apis (Pan)
  9 ironbound thunderhulks
  17 black draconians
  A juggernaut skeleton (Hell)
  A spriggan defender (Depths:3)
  15 stone giants
  5 deep elf demonologists (Elf:3)
  An elemental wellspring (Coc:1)
  7 reapers
  A broodmother (Spider:2)
  4 dire elephants
  7 eleionomae
  3 vampire knights
  4 wendigos (Coc:1)
  8 deep elf annihilators
  Azrael (D:15)
  12 white draconians
  11 green draconians
  7 demonspawn black suns (Pan)
  4 lorocyprocas (Pan)
  14 red draconians
  A bunyip (Swamp:1)
  15 purple draconians
  13 yellow draconians
  7 blizzard demons
  11 green deaths (Pan)
  8 spark wasps
  An eidolon (Vaults:3)
  3 crystal guardians
  Snorg (Orc:1)
  5 fire dragons
  2 jiangshi (Depths:2)
  3 deep elf death magi (Elf:3)
  2 mummy priests (Depths:2)
  7 deep elf high priests
  11 ettins
  Josephine (Orc:1)
  6 yaktaur captains
  4 great orbs of eyes (Vaults:3)
  7 entropy weavers
  A shambling mangrove (Swamp:1)
  8 rakshasas
  3 peacekeepers
  Fannar (Orc:1)
  4 hell beasts
  8 ice dragons
  39 vault guards
  2 salamander tyrants
  13 hydras
  2 jorogumos (Spider:1)
  9 ironbound frosthearts
  2 juggernaut simulacra
  10 ghost crabs
  16 centaur warriors
  An alligator (shapeshifter) (Depths:4)
  A spriggan air mage (Pan)
  2 ogre magi (Vaults:5)
  8 alligators
  25 dancing weapons
  4 radroaches
  11 boulder beetles
  6 death scarabs (Spider:4)
  5 deep troll earth magi (Depths:1)
  A stoker (Geh:2)
  4 tengu warriors
  6 two-headed ogres
  18 death yaks
  4 orc high priests
  15 hell hogs
  13 deep troll shamans
  A thrashing horror (Abyss:3)
  A two-headed ogre (shapeshifter) (Vaults:5)
  Urug (Orc:1)
  4 spriggan berserkers
  2 vampire magi
  A skyshark (Lair:5)
  2 wretched stars (Abyss:3)
  38 deep elf knights
  11 hell knights
  14 soul eaters
  Sonja (Lair:1)
  A fire crab (Abyss:3)
  10 iron trolls
  46 sun demons
  A skeletal warrior (D:8)
  8 pharaoh ants
  3 sun moths (Spider:3)
  12 cherubim (Pan)
  A glowing orange brain (Vaults:1)
  15 sixfirhies (Pan)
  A spectral death yak (Lair:3)
  A goliath frog (Swamp:2)
  A fire crab (shapeshifter) (Vaults:4)
  5 shadow wraiths
  An orb spider (shapeshifter) (Vaults:5)
  A death drake (Swamp:4)
  3 shadow demons (Pan)
  6 orb spiders
  A spriggan druid (Swamp:4)
  2 flayed ghosts
  72 deep trolls
  A bunyip skeleton (Pan)
  16 deep elf archers
  3 swamp dragons
  14 wizards
  6 bog bodies
  4 spectral hydras
  3 phantasmal warriors
  A lindwurm (shapeshifter) (Elf:3)
  7 lindwurms
  5 steelbarb worms
  A spectral wolf spider (Spider:4)
  22 ironbound convokers
  8 orc knights
  19 wolf spiders
  41 ugly things
  38 deep elf pyromancers
  34 deep elf zephyrmancers
  A broodmother zombie (Spider:4)
  2 cyclopes
  8 necromancers
  7 orc sorcerers
  33 moths of wrath
  3 manticores
  A cyclops (shapeshifter) (Vaults:5)
  A spectral boulder beetle (Lair:3)
  A faun (shapeshifter) (Vaults:5)
  A salamander (shapeshifter) (Vaults:5)
  A stone giant skeleton (Vaults:5)
  13 vault sentinels
  4 elephants (Lair:5)
  4 will-o-the-wisps
  8 black mambas
  A fire giant skeleton (Depths:3)
  2 molten gargoyles (Hell)
  3 rust devils
  An apocalypse crab (Abyss:3)
  Maurice (D:12)
  A guardian serpent (Lair:5)
  A dire elephant skeleton (Hell)
  24 smoke demons
  5 eyes of devastation (Pan)
  4 gargoyles
  4 spectral redbacks (Spider:4)
  21 orange demons (Pan)
  16 demonic crawlers
  3 hellions
  13 cane toads
  13 yaktaurs
  An elf skeleton (Vaults:5)
  2 kobold demonologists
  A bunyip simulacrum (Coc:1)
  6 torpor snails
  An anaconda simulacrum (Coc:1)
  A redback zombie (Spider:4)
  6 ice devils
  2 freezing wraiths
  7 komodo dragons
  4 rime drakes
  6 efreet
  3 swamp worm zombies (Swamp:4)
  An ancient zyme (Abyss:3)
  5 hydra zombies (Swamp:4)
  A spectral skyshark (Lair:3)
  8 tormentors
  6 trolls
  4 meliai
  4 red devils
  2 tengu conjurers
  7 starcursed masses (Abyss:3)
  A bloated husk (Swamp:2)
  19 hellwings (Pan)
  25 tarantellas
  A polar bear (Lair:4)
  8 tyrant leeches
  16 hornets
  10 blink frogs
  2 jumping spider zombies (Spider:4)
  A spectral elephant (Lair:3)
  A spectral jumping spider (Spider:4)
  4 spectral culicivoras (Spider:4)
  Prince Ribbit (D:7)
  A spectral dream sheep (Lair:3)
  A tarantella zombie (Spider:4)
  4 alligator zombies (Swamp:4)
  10 dream sheep
  A dream sheep (shapeshifter) (Depths:3)
  4 raiju (Abyss:3)
  2 spectral swamp dragons (Swamp:4)
  31 slime creatures
  A culicivora zombie (Spider:4)
  A spectral black mamba (Lair:3)
  A draconian simulacrum (Coc:1)
  4 water elementals
  10 spriggans
  2 air elementals
  2 ettin skeletons
  29 jumping spiders
  4 wraiths
  14 ynoxinuls
  20 culicivoras
  A centaur simulacrum (Coc:1)
  28 large abominations
  3 shadows
  31 yaks
  4 fire elementals
  10 wyverns
  3 hogs (Lair:4)
  5 steam dragons
  49 redbacks
  A basilisk (Lair:5)
  6 chaos spawn (Pan)
  9 vampire mosquitoes
  Menkaure (D:6)
  4 harpy simulacra
  11 swamp worms
  2 swamp worms (shapeshifter)
  A warg (Elf:1)
  16 neqoxecs
  21 water moccasins
  6 acid dragons
  Duvessa (D:4)
  9 hell hounds
  A deep troll skeleton (Pan)
  5 floating eyes (Pan)
  2 swamp drakes
  An ice beast (D:7)
  2 hornet zombies (Ossuary)
  2 swamp dragon zombies (Swamp:4)
  4 sky beasts
  9 ogres
  27 orc warriors
  8 centaurs
  6 phantoms (Swamp:4)
  A spectral basilisk (Lair:3)
  3 kobold brigands
  Blork the orc (D:6)
  10 bullfrogs
  6 earth elementals
  A gnoll sergeant (Orc:2)
  A scorpion (Lair:1)
  A glowing shapeshifter simulacrum (Depths:3)
  A water moccasin zombie (Ossuary)
  14 wights
  Dowan (D:4)
  4 electric eels
  5 howler monkeys
  6 crimson imps (Pan)
  3 centaur zombies (Ossuary)
  7 bullfrog zombies (Ossuary)
  5 jellies
  A quasit (Abyss:3)
  21 orc priests
  4 hounds
  Crazy Yiuf (D:5)
  2 gnoll boudas
  13 mummies (Ossuary)
  Terence (D:2)
  8 iguanas
  An iron imp (Abyss:1)
  3 sleepcaps
  26 orc wizards
  A spectral swamp drake (Swamp:4)
  3 polar bear simulacra (Lair:3)
  4 wolf simulacra (Lair:3)
  A yak simulacrum (Lair:3)
  3 killer bee zombies (Ossuary)
  A howler monkey zombie (Ossuary)
  Robin (D:4)
  17 gnolls
  2 swamp drake zombies (Swamp:4)
  8 adders
  2 white imps
  An ufetubus (D:5)
  3 worms
  4 dart slugs
  81 orcs
  9 endoplasms
  8 giant cockroaches
  15 goblins
  13 hobgoblins
  5 jackals
  5 quokkas
  12 ball pythons
  10 bats
  A frilled lizard (D:1)
  18 kobolds
  5 rats
  3 river rat simulacra (Lair:3)
  10 fire vortices (Pan)
  A lurking horror (Abyss:3)
  A spectral weapon (Swamp:4)
2651 creatures vanquished.

Vanquished Creatures (collateral kills)
  3 dread liches
  An orb of fire (Zot:5)
  A golden dragon (Vaults:5)
  3 doom hounds (Hell)
  A Tzitzimitl (Pan)
  A Brimstone Fiend (Pan)
  A titan (Pan)
  A quicksilver dragon (Vaults:5)
  5 Executioners (Pan)
  A pandemonium lord (Pan)
  A demonspawn warmonger (Pan)
  A vault warden (Vaults:5)
  2 cacodemons (Pan)
  2 angels (Pan)
  6 deep elf elementalists (Elf:3)
  4 reapers
  A demonspawn blood saint (Pan)
  A demonspawn corrupter (Pan)
  A very ugly thing (Vaults:5)
  2 ophanim (Pan)
  An apis (Pan)
  A deep elf annihilator (Elf:3)
  A deep elf death mage (Elf:3)
  2 blizzard demons
  3 green deaths (Pan)
  A shambling mangrove (Abyss:3)
  A hell beast (Pan)
  A dancing weapon (Pan)
  2 death scarabs (Spider:4)
  A thrashing horror (Abyss:3)
  3 sun demons
  2 hell knights (Hell)
  A shadow wraith (Abyss:3)
  A sixfirhy (Pan)
  A shadow demon (Pan)
  A cherub (Pan)
  A necromancer (Hell)
  A deep elf zephyrmancer (Elf:3)
  A molten gargoyle (Hell)
  7 smoke demons
  An orange demon (Pan)
  A rust devil (Hell)
  3 demonic crawlers (Pan)
  A hellion (Hell)
  A tormentor (Pan)
  An ice devil (Pan)
  A freezing wraith (Vaults:5)
  A hornet (Abyss:3)
  An iron dragon simulacrum (Coc:1)
  A ynoxinul (Pan)
  A large abomination (Pan)
  2 chaos spawn
  A neqoxec (Pan)
  A floating eye (Pan)
  3 hell hounds (Abyss:3)
  A crimson imp (Pan)
  2 starcursed masses (Abyss:3)
  2 fire vortices (Pan)
97 creatures vanquished.

Vanquished Creatures (others)
  An Ice Fiend (Coc:1)
  An eldritch tentacle (Pan)
  2 fire giants
  A demonspawn corrupter (Pan)
  A green death (Pan)
  A rakshasa (Pan)
  A juggernaut simulacrum (Coc:1)
  A glowing orange brain (Pan)
  A spriggan simulacrum (Coc:1)
  A deep elf zephyrmancer (Elf:2)
  2 shadow demons (Pan)
  A wizard (Pan)
  A deep elf pyromancer (D:13)
  A demonic crawler (Hell)
  A smoke demon (Pan)
  An orange demon (Pan)
  A titan simulacrum (Coc:1)
  An anaconda simulacrum (Coc:1)
  A bunyip simulacrum (Coc:1)
  8 bloated husks
  A stone giant simulacrum (Coc:1)
  A dire elephant simulacrum (Coc:1)
  A ynoxinul (Pan)
  An alligator snapping turtle simulacrum (Coc:1)
  A minotaur simulacrum (Coc:1)
  2 chaos spawn (Pan)
  A swamp worm (Swamp:2)
  A phantom (Swamp:4)
  An orc (Orc:2)
  9 ball lightnings (Pan)
  27 foxfires
  180 spectral weapons
  4 tentacles (Abyss:3)
259 creatures vanquished.

Grand Total: 3007 creatures vanquished

Notes
Turn   | Place    | Note
-------+----------+-------------------------------------------
     0 | D:1      | mattiecakes the Gargoyle Fighter began the quest for the
                  | Orb.
     0 | D:1      | Reached XP level 1. HP: 14/14 MP: 1/1
   120 | D:1      | Reached XP level 2. HP: 19/19 MP: 2/2
   470 | D:1      | Reached XP level 3. HP: 18/23 MP: 3/3
   657 | D:2      | Noticed Terence
   672 | D:2      | Killed Terence
   673 | D:2      | Reached XP level 4. HP: 17/29 MP: 4/4
   905 | D:2      | Found a faded altar of an unknown god.
  1092 | D:2      | Found an ancient bone altar of Kikubaaqudgha.
  1210 | D:3      | Identified 4 scrolls of acquirement
  1210 | D:3      | Acquired 1179 gold pieces
  1212 | D:3      | Acquired a +3 heavy broad axe
  1270 | D:2      | Acquired the +3 helmet of Henotheism {rC- Dex+8}
  1283 | D:2      | Acquired 833 gold pieces
  1562 | D:3      | Found an ornate altar of the Wu Jian Council.
  1562 | D:3      | Found a bloodstained altar of Trog.
  1702 | D:3      | Reached XP level 5. HP: 33/33 MP: 5/5
  1748 | D:3      | Found a sparkling altar of Nemelex Xobeh.
  1899 | D:3      | Reached XP level 6. HP: 38/38 MP: 6/6
  2124 | D:3      | Found a basalt altar of Yredelemnul.
  2268 | D:4      | Found a staircase to the Ecumenical Temple.
  2280 | Temple   | Entered the Ecumenical Temple
  2280 | Temple   | Found a transporter.
  2280 | Temple   | Found a transporter.
  2282 | Temple   | Found a transporter.
  2282 | Temple   | Found a transporter.
  2303 | Temple   | Became a worshipper of the Shining One
  2584 | D:4      | Noticed Dowan
  2584 | D:4      | Noticed Duvessa
  2596 | D:4      | Killed Duvessa
  2597 | D:4      | Reached skill level 5 in Axes
  2597 | D:4      | Reached skill level 1 in Evocations
  2639 | D:4      | Killed Dowan
  2640 | D:4      | Reached XP level 7. HP: 31/43 MP: 7/7
  2742 | D:4      | Got the Tome of Luminous Command
  2754 | D:4      | Noticed Robin
  2768 | D:4      | Killed Robin
  3327 | D:5      | Entered Level 5 of the Dungeon
  3329 | D:5      | Noticed a shadow
  3335 | D:5      | Killed a shadow
  3336 | D:5      | Reached XP level 8. HP: 37/48 MP: 8/8
  3448 | D:5      | Reached * piety under the Shining One
  3950 | D:5      | Found a runed translucent door.
  3951 | D:5      | Noticed Crazy Yiuf
  4491 | D:5      | Killed Crazy Yiuf
  4580 | D:6      | Reached skill level 5 in Evocations
  4671 | D:6      | Found a broken altar of Ashenzari.
  4702 | D:6      | Noticed Blork the orc
  4705 | D:6      | Reached XP level 9. HP: 51/52 MP: 9/9
  4708 | D:6      | Killed Blork the orc
  4906 | D:6      | Found Ybrut's Distillery.
  4979 | D:6      | Noticed Menkaure
  4986 | D:6      | Killed Menkaure
  5231 | D:7      | Found a hazy altar of Hepliaklqana.
  5378 | D:7      | Noticed Prince Ribbit
  5384 | D:7      | Killed Prince Ribbit
  5490 | D:7      | Reached ** piety under the Shining One
  5499 | D:7      | Reached XP level 10. HP: 35/56 MP: 10/10
  5842 | D:7      | Found a shadowy altar of Dithmenos.
  5944 | D:8      | Found a sand-covered staircase.
  5949 | Ossuary  | Entered an ossuary
  6019 | Ossuary  | Reached *** piety under the Shining One
  6064 | Ossuary  | Reached skill level 10 in Axes
  6100 | Ossuary  | Reached **** piety under the Shining One
  6527 | D:8      | Reached skill level 1 in Invocations
  6685 | D:8      | Noticed a centaur warrior
  6695 | D:8      | Noticed a gargoyle
  6696 | D:8      | Killed a centaur warrior
  6697 | D:8      | Reached skill level 3 in Invocations
  6697 | D:8      | Noticed a cyan ugly thing
  7359 | D:8      | Noticed a skeletal warrior
  7375 | D:8      | Killed a skeletal warrior
  7376 | D:8      | Reached skill level 4 in Invocations
  7376 | D:8      | Reached XP level 11. HP: 29/61 MP: 10/14
  7498 | D:8      | Reached skill level 5 in Invocations
  7678 | D:8      | Noticed a death yak
  7680 | D:8      | Noticed a death yak
  7695 | D:8      | Noticed a death yak
  7709 | D:8      | Found a staircase to the Lair.
  8065 | D:9      | Acquired the +5 Storm Queen's Shield {shock, Fly rElec}
  8065 | D:9      | Found the +5 Storm Queen's Shield {shock, Fly rElec}
  8084 | D:9      | Acquired a +2 war axe of flaming
  8407 | D:9      | Reached ***** piety under the Shining One
  8593 | D:8      | Noticed a death yak
  8612 | D:8      | HP: 3/62 [death yak (14)]
  8851 | D:10     | Entered Level 10 of the Dungeon
  8866 | D:10     | Found a radiant altar of Vehumet.
  8979 | D:10     | Gained mutation: Armour fits poorly on your strangely
                  | shaped body. [a neqoxec]
  9094 | D:10     | Noticed a two-headed ogre
  9114 | D:10     | Killed a two-headed ogre
  9115 | D:10     | Reached skill level 6 in Invocations
  9179 | D:10     | Reached skill level 5 in Fighting
  9270 | D:10     | Reached skill level 5 in Armour
  9270 | D:10     | Reached skill level 5 in Shields
  9322 | D:10     | Found an iron altar of Okawaru.
  9801 | D:11     | Noticed a boulder beetle
  9837 | D:11     | Killed a boulder beetle
 10085 | D:11     | Found a staircase to the Orcish Mines.
 10089 | D:11     | Reached XP level 12. HP: 66/69 MP: 16/16
 10168 | D:11     | Identified the +5 great mace "Spiderslayer" {venom, rPois
                  | Str+2}
 10487 | D:8      | Noticed a death yak
 10504 | D:8      | Killed a death yak
 10505 | D:8      | Reached skill level 7 in Invocations
 10514 | D:8      | Killed a death yak
 10521 | D:8      | Killed a death yak
 10531 | D:8      | Killed a death yak
 10540 | D:8      | Killed a death yak
 11426 | D:8      | Got the Incunable of the Coarse Evil Eye
 11427 | D:8      | Identified the +0 shadow dragon scales "Majy" {rElec Regen+
                  | Str+3 Dex+3 Stlth++++}
 11433 | D:8      | Got the Almanac of Doom and the Volley
 11569 | Lair:1   | Entered Level 1 of the Lair of Beasts
 11835 | Lair:1   | You are sucked into a shaft and drop 1 floor!
 11937 | Lair:1   | Noticed Sonja
 11950 | Abyss:1  | Cast into level 1 of the Abyss (Sonja)
 12025 | Lair:1   | Escaped the Abyss
 12028 | Lair:1   | Killed Sonja
 12356 | Lair:1   | Reached skill level 8 in Invocations
 12950 | Lair:2   | Reached XP level 13. HP: 77/77 MP: 19/19
 13483 | Lair:2   | Noticed Gastronok
 13506 | Lair:2   | Killed Gastronok
 13638 | Lair:2   | Found a hole to the Spider Nest.
 13923 | Lair:3   | Lost mutation: Armour fits poorly on your strangely shaped
                  | body. [potion of mutation]
 13923 | Lair:3   | Gained mutation: Your muscles are strong. (Str +4, Int/Dex
                  | -1) [potion of mutation]
 13923 | Lair:3   | Gained mutation: Your muscles are very strong. (Str +8,
                  | Int/Dex -2) [potion of mutation]
 13966 | Lair:3   | Identified the +1 leather armour "Fuodghelu" {Rampage Str-5
                  | Dex+7}
 14169 | Lair:3   | Reached skill level 9 in Invocations
 14187 | Lair:3   | Found a staircase to the Swamp.
 14509 | Lair:3   | Reached ****** piety under the Shining One
 14569 | Lair:3   | Identified the +8 rapier of the Riding Pariah {flame,
                  | Fragile Str+5 Dex+2}
 15796 | Lair:4   | Noticed Kirke
 15803 | Lair:4   | Gained mutation: Your large and strong wings let you fly.
                  | [Gargoyle growth]
 15803 | Lair:4   | Reached XP level 14. HP: 86/86 MP: 21/21
 15816 | Lair:4   | Killed Kirke
 15817 | Lair:4   | Reached skill level 10 in Invocations
 16103 | Lair:5   | Entered Level 5 of the Lair of Beasts
 16334 | Lair:5   | Identified the +0 leather armour of Tuem {Dex+7}
 16692 | Lair:5   | Identified the -1 kite shield of Geyro {rC+}
 16709 | Lair:5   | Reached skill level 10 in Fighting
 16712 | Lair:5   | Reached skill level 10 in Armour
 16715 | Lair:5   | Reached skill level 10 in Shields
 16925 | Lair:5   | Found a staircase to the Slime Pits.
 16925 | Lair:5   | Found a viscous altar of Jiyva.
 16964 | Lair:5   | Reached skill level 11 in Invocations
 17678 | Lair:5   | Reached XP level 15. HP: 93/93 MP: 23/23
 18125 | D:12     | Noticed Maurice
 18130 | D:12     | Killed Maurice
 18959 | Orc:1    | Entered Level 1 of the Orcish Mines
 19012 | Orc:2    | Entered Level 2 of the Orcish Mines
 19075 | Orc:2    | Noticed Josephine
 19210 | Orc:1    | Killed Josephine
 19292 | Orc:1    | Noticed Urug
 19294 | Orc:1    | Killed Urug
 19444 | Orc:1    | Noticed Fannar
 19445 | Orc:1    | Noticed Jorgrun
 19446 | Orc:1    | Found Umeijir's Weapon Emporium.
 19535 | Orc:1    | Killed Jorgrun
 19537 | Orc:1    | Killed Fannar
 19655 | Orc:2    | Noticed an orc warlord
 19675 | Orc:2    | Killed an orc warlord
 19815 | Orc:2    | Found a staircase to the Elven Halls.
 19930 | Orc:2    | Found Iguimm's Vocational Training.
 20214 | Orc:2    | Found Cevits's Antique Armour Shop.
 20215 | Orc:2    | Found Voruwn's Antique Weapon Boutique.
 20217 | Orc:2    | Found Ecuawij's General Store.
 20217 | Orc:2    | Found Medav's Jewellery Shop.
 20238 | Orc:2    | Reached skill level 12 in Invocations
 20356 | Orc:1    | Noticed Snorg
 20363 | Orc:1    | Killed Snorg
 20760 | D:13     | Found a gate to the Vaults.
 21157 | D:13     | Identified the +0 cloak of the Volcano {rElec Dex+4 Slay-3}
 21592 | D:14     | Found a broken altar of Ashenzari.
 21877 | D:14     | Reached XP level 16. HP: 87/101 MP: 25/25
 21894 | D:14     | Noticed a tengu reaver
 22144 | Swamp:1  | Entered Level 1 of the Swamp
 22234 | Swamp:1  | Noticed a fenstrider witch
 22238 | Swamp:1  | Killed a fenstrider witch
 22480 | Orc:2    | Bought a manual of Invocations for 1280 gold pieces
 22803 | Swamp:1  | Found a sacrificial altar of Ru.
 22839 | Swamp:1  | Reached skill level 13 in Invocations
 22842 | Swamp:1  | HP: 4/103 [will-o-the-wisp/foxfire (15)]
 23655 | Swamp:2  | Noticed a thorn hunter
 23673 | Swamp:2  | Killed a thorn hunter
 24259 | Swamp:2  | Reached skill level 15 in Axes
 24681 | Swamp:3  | Noticed a fenstrider witch
 24701 | Swamp:2  | Paralysed by a fenstrider witch for 4 turns
 24708 | Swamp:2  | Killed a fenstrider witch
 25606 | Swamp:4  | Entered Level 4 of the Swamp
 25606 | Swamp:4  | Noticed a fenstrider witch
 25610 | Swamp:4  | Killed a fenstrider witch
 25611 | Swamp:4  | Reached skill level 14 in Invocations
 26118 | Swamp:4  | Reached skill level 10 in Evocations
 26438 | Swamp:4  | Reached XP level 17. HP: 108/108 MP: 27/27
 26586 | Swamp:4  | Noticed a bone dragon
 26599 | Swamp:4  | Killed a bone dragon
 26773 | Swamp:4  | Got a decaying rune of Zot
 27574 | D:15     | Entered Level 15 of the Dungeon
 27726 | D:15     | Identified the ring of Myshaula {rC++ EV+5 Int+5 Stlth+}
 27784 | D:15     | Noticed Azrael
 27790 | D:15     | Killed Azrael
 28151 | D:15     | Found a staircase to the Depths.
 28616 | Spider:1 | Entered Level 1 of the Spider Nest
 28625 | Spider:1 | Reached skill level 15 in Invocations
 29764 | Spider:2 | Noticed Arachne
 29785 | Spider:2 | Killed Arachne
 30124 | Spider:2 | Noticed Mlioglotl
 30132 | Spider:2 | Killed Mlioglotl
 30133 | Spider:2 | Reached skill level 16 in Invocations
 30321 | Spider:2 | Reached XP level 18. HP: 116/116 MP: 30/30
 31690 | Spider:4 | Entered Level 4 of the Spider Nest
 32392 | Spider:4 | Reached skill level 17 in Invocations
 32402 | Spider:4 | Identified the +5 buckler "Hol Luot" {Str+3 Int+3}
 32882 | Spider:4 | Reached skill level 15 in Fighting
 32905 | Spider:4 | Reached skill level 15 in Armour
 32960 | Spider:4 | Reached skill level 15 in Shields
 32989 | Spider:4 | Identified the -2 hat "Fitukloch" {Int+3}
 33004 | Spider:4 | Got a gossamer rune of Zot
 33373 | Elf:1    | Entered Level 1 of the Elven Halls
 33459 | Elf:1    | You are sucked into a shaft and drop 1 floor!
 33686 | Elf:2    | Reached XP level 19. HP: 124/124 MP: 31/31
 33730 | Elf:2    | Found Dijycurr's Jewellery Shop.
 33935 | Elf:2    | Reached skill level 18 in Invocations
 34043 | Elf:2    | Found a runed translucent gate.
 34044 | Elf:2    | Found a runed translucent gate.
 34044 | Elf:2    | Found a runed translucent gate.
 34868 | Elf:1    | Paralysed by an air elemental for 1 turns
 34961 | Elf:1    | Got the Compendium of Distant Worlds
 35894 | Elf:3    | Entered Level 3 of the Elven Halls
 35926 | Abyss:3  | Cast into level 3 of the Abyss (a deep elf sorcerer)
 36025 | Abyss:3  | Noticed a tentacled monstrosity
 36025 | Abyss:3  | Noticed a tentacled monstrosity
 36032 | Abyss:3  | Killed a tentacled monstrosity
 36033 | Abyss:3  | Killed a tentacled monstrosity
 36046 | Abyss:3  | Got an abyssal rune of Zot
 36093 | Abyss:3  | Paralysed by accursed screaming for 1 turns
 36171 | Elf:3    | Escaped the Abyss
 36191 | Elf:3    | Reached XP level 20. HP: 111/132 MP: 29/33
 36310 | Elf:3    | Noticed a Brimstone Fiend
 36320 | Elf:3    | Reached skill level 19 in Invocations
 36325 | Elf:3    | Noticed a Tzitzimitl
 36488 | Elf:3    | Paralysed by an air elemental for 1 turns
 36611 | Elf:3    | Identified the +6 flail of Cetap {flame, Contam Dex+4}
 36622 | Elf:3    | Identified the staff of earth "Zatide" {rPois rN+ Dex+2}
 36628 | Abyss:3  | Cast into level 3 of the Abyss (a deep elf sorcerer)
 36640 | Elf:3    | Escaped the Abyss
 36659 | Elf:3    | Identified the ring "Morot" {MP+9 Str+2 Stlth+}
 36663 | Elf:3    | Identified the +7 dagger "Omet" {flame, Dex+5}
 36761 | Elf:3    | Identified the +0 pair of gloves "Fuuqi" {Will+ Str+3
                  | Stlth+}
 36784 | Elf:3    | Identified the +8 plate armour of Integrity {*Slow rElec
                  | Str+4 Stlth+}
 36805 | Elf:3    | Identified the +7 chain mail of Terror {rElec rF+++ Will-
                  | rCorr}
 36952 | Orc:2    | Bought an embroidered cloak for 180 gold pieces
 36952 | Orc:2    | Bought an embroidered cloak for 180 gold pieces
 37180 | Elf:3    | Found Nuzoch's Distillery.
 37192 | Elf:3    | Bought a potion of resistance for 170 gold pieces
 37558 | Elf:3    | Noticed a Brimstone Fiend
 37608 | Elf:3    | Got the Codex of Apparitions
 37984 | Elf:3    | Acquired 816 gold pieces
 38318 | Vaults:1 | Entered Level 1 of the Vaults
 38685 | Vaults:1 | Identified the +6 rapier of Moral Flaws {drain, Stlth+}
 38910 | Vaults:1 | Identified the +1 robe "Teicenuk" {Harm rPois}
 38948 | Vaults:1 | Reached XP level 21. HP: 137/139 MP: 34/34
 39041 | Vaults:1 | Found Atseax's Distillery.
 39050 | Vaults:1 | Bought a potion of mutation for 160 gold pieces
 39050 | Vaults:1 | Bought a potion of heal wounds for 100 gold pieces
 39050 | Vaults:1 | Bought a potion of haste for 200 gold pieces
 39839 | Vaults:2 | Found Ferpheca's Magic Scroll Shop.
 39845 | Vaults:2 | Bought a scroll of enchant armour for 97 gold pieces
 40703 | Vaults:2 | Reached skill level 20 in Invocations
 42044 | Vaults:3 | Found a staircase to the Crypt.
 42414 | Vaults:3 | Reached XP level 22. HP: 142/147 MP: 36/36
 43689 | Vaults:4 | Found Janoag's Weapon Boutique.
 44490 | Depths:1 | Entered Level 1 of the Depths
 44525 | Depths:1 | Found a gateway to Hell.
 44572 | Depths:1 | Found a flickering gateway to a bazaar.
 44577 | Bazaar   | Entered a bazaar
 44577 | Bazaar   | Found Boomaten's Antique Weapon Boutique.
 44577 | Bazaar   | Found Gocvuzy's Weapon Shop.
 44577 | Bazaar   | Found Bavuaq's Armour Shop.
 45078 | Depths:1 | Reached skill level 21 in Invocations
 45411 | Depths:1 | Reached XP level 23. HP: 145/153 MP: 37/37
 45498 | Depths:1 | Found a blossoming altar of Fedhas.
 46269 | Depths:2 | Found Pufec's Distillery.
 46336 | Depths:2 | Noticed a royal mummy
 46343 | Depths:2 | Killed a royal mummy
 46449 | Depths:2 | Noticed a royal mummy
 46488 | Depths:2 | Killed a royal mummy
 46489 | Depths:2 | Noticed a royal mummy
 46497 | Depths:2 | Killed a royal mummy
 46834 | Depths:2 | Found Oskenuts's Armour Boutique.
 46839 | Depths:2 | Bought a +2 pair of boots of flying for 494 gold pieces
 47315 | Depths:2 | Found Xam Kemi's Armour Shop.
 47347 | Depths:2 | Found a one-way gate leading to the halls of Pandemonium.
 47347 | Depths:2 | Gained mutation: You are frail. (-10% HP) [a neqoxec]
 47348 | Depths:2 | Gained mutation: Your magical capacity is low. (-10% MP) [a
                  | neqoxec]
 47677 | Depths:2 | Found the +7 sceptre of Torment {pain, torment}
 47737 | Depths:2 | Found Geblinga's Antique Weapon Emporium.
 47881 | Depths:3 | Found Inkored's Weapon Boutique.
 47882 | Depths:3 | Noticed a golden dragon
 47893 | Depths:3 | Killed a golden dragon
 48114 | Depths:3 | Found a one-way gate to the infinite horrors of the Abyss.
 48114 | Depths:3 | Noticed a golden dragon
 48115 | Depths:3 | Noticed a caustic shrike
 48120 | Depths:3 | Killed a caustic shrike
 48134 | Depths:3 | Killed a golden dragon
 48325 | Depths:3 | Noticed a golden dragon
 48340 | Depths:3 | Killed a golden dragon
 48428 | Depths:3 | Noticed a golden dragon
 48432 | Depths:3 | Noticed a caustic shrike
 48436 | Depths:3 | Killed a golden dragon
 48442 | Depths:3 | Killed a caustic shrike
 48442 | Depths:3 | Noticed a juggernaut
 48459 | Depths:3 | Killed a juggernaut
 48702 | Depths:3 | Noticed a golden dragon
 48708 | Depths:3 | Killed a golden dragon
 49225 | Depths:3 | Identified the +8 spear of Insomnia {speed, Fragile Will+
                  | Str-5 Int+8}
 49340 | Depths:4 | Entered Level 4 of the Depths
 49613 | Depths:4 | Found a white marble altar of Elyvilon.
 49620 | Depths:4 | Noticed Boris
 49635 | Depths:4 | Killed Boris
 49636 | Depths:4 | Reached XP level 24. HP: 145/145 MP: 34/34
 50239 | Depths:4 | Found a one-way gateway to a ziggurat.
 50264 | Depths:4 | Reached skill level 22 in Invocations
 50428 | Depths:4 | Found a gate to the Realm of Zot.
 50809 | Vaults:5 | Entered Level 5 of the Vaults
 51490 | Vaults:5 | Identified the +3 great sword of Caodghiy {flame, Str+3}
 51496 | Vaults:5 | Noticed Bai Suzhen
 51519 | Vaults:5 | HP: 7/146 [stone giant/large rock (32)]
 51559 | Vaults:5 | Noticed an ancient lich
 51573 | Vaults:5 | Killed an ancient lich
 51625 | Vaults:5 | Identified the +4 tower shield of the Planets {rPois rF+++
                  | Stlth-}
 51974 | Vaults:5 | Reached XP level 25. HP: 140/152 MP: 34/34
 51988 | Vaults:5 | Killed Bai Suzhen
 52450 | Vaults:5 | Got a silver rune of Zot
 52474 | Vaults:5 | Identified the staff of air "Ydaokh" {rElec Str+7 Int-4}
 52493 | Vaults:5 | Got the Discourse on Combustion and Charms
 52518 | Vaults:5 | Identified the staff of conjuration "Woreohad" {Will+}
 52640 | Vaults:5 | Identified the +7 battleaxe "Jellybane" {antimagic, *Rage
                  | rN+ Will++ SInv}
 52649 | Vaults:5 | Identified the staff of death "Vuextetyowk" {*Slow rElec
                  | rF- rN+ Will+++}
 52669 | Vaults:5 | Got the Handbook of Baleful Ouranomancy
 52828 | Vaults:5 | Found Xaecsave's Magic Scroll Shop.
 52830 | Vaults:5 | Identified the +0 robe "Inasif" {+Inv rPois}
 52843 | Vaults:5 | Bought a scroll of enchant weapon for 90 gold pieces
 52843 | Vaults:5 | Bought a scroll of blinking for 90 gold pieces
 52964 | Vaults:5 | Found Enebb's General Store.
 52970 | Vaults:5 | Identified the ring "Vythru" {rF+ Will+ Dex+6 Stlth-}
 52980 | Vaults:5 | Identified the +4 ring mail "Leargh" {Harm Str-3 Dex+7}
 53446 | Pan      | Entered Pandemonium
 53690 | Pan      | Found an exit through the horrors of the Abyss.
 53941 | Pan      | Noticed Noolat the pandemonium lord
 54361 | Pan      | Reached skill level 23 in Invocations
 54397 | Pan      | Killed Noolat the pandemonium lord
 54481 | Pan      | Got a demonic rune of Zot
 54805 | Pan      | Noticed Timuveote the pandemonium lord
 54820 | Pan      | Killed Timuveote the pandemonium lord
 54913 | Pan      | Identified the +9 quarterstaff of Judgement {freeze, rF-
                  | rC+ rN+ Will+}
 55485 | Pan      | Gained mutation: You occasionally shout uncontrollably at
                  | your foes. [a cacodemon]
 55487 | Pan      | Noticed Seleshr Cuff the pandemonium lord
 55503 | Pan      | Killed Seleshr Cuff the pandemonium lord
 55515 | Pan      | Reached XP level 26. HP: 60/159 MP: 0/34
 55669 | Pan      | Found a runed translucent door.
 56368 | Pan      | Noticed a seraph
 56388 | Pan      | Found a glowing golden altar of the Shining One.
 56409 | Pan      | Killed a seraph
 56454 | Pan      | Identified the +5 great sword of Cafes {distort, Stlth+}
 56457 | Pan      | Got the Elucidation of Tectonic Transmutation
 56458 | Pan      | Identified the staff of poison "Woptuosu" {rPois rCorr
                  | Dex+4}
 56459 | Pan      | Identified the staff of earth "Huyn Tihotia" {rPois rF+
                  | Int+3}
 56464 | Pan      | Identified the +10 glaive of Defence by Offence {venom,
                  | *Noise rN++ Will++}
 57103 | Pan      | Identified the +1 short sword of the Abyss {flame, rF+}
 58018 | Pan      | Found a glowing silver altar of Zin.
 58572 | Pan      | Entered the realm of Gloorx Vloq.
 58745 | Pan      | Noticed Gloorx Vloq
 58772 | Pan      | Reached skill level 24 in Invocations
 58774 | Pan      | Killed Gloorx Vloq
 58797 | Pan      | Got a dark rune of Zot
 58936 | Pan      | Gained mutation: You occasionally lose the ability to drink
                  | potions when taking damage. [a cacodemon]
 58971 | Pan      | Gained mutation: You occasionally lose the ability to read
                  | scrolls when taking damage. [a cacodemon]
 58976 | Pan      | Gained mutation: You sometimes lose the ability to read
                  | scrolls when taking damage. [a cacodemon]
 58983 | Pan      | Noticed Niv Tiaph the pandemonium lord
 58991 | Pan      | Killed Niv Tiaph the pandemonium lord
 59008 | Depths:2 | Escaped Pandemonium
 59194 | Depths:2 | Lost mutation: You occasionally lose the ability to drink
                  | potions when taking damage. [potion of mutation]
 59194 | Depths:2 | Lost mutation: You are frail. (-10% HP) [potion of
                  | mutation]
 59194 | Depths:2 | Lost mutation: Your magical capacity is low. (-10% MP)
                  | [potion of mutation]
 59194 | Depths:2 | Gained mutation: Your movements are slightly less
                  | encumbered by armour. (ER -2) [potion of mutation]
 59195 | Depths:2 | Lost mutation: Your muscles are very strong. (Str +8,
                  | Int/Dex -2) [potion of mutation]
 59195 | Depths:2 | Lost mutation: You sometimes lose the ability to read
                  | scrolls when taking damage. [potion of mutation]
 59195 | Depths:2 | Lost mutation: You occasionally shout uncontrollably at
                  | your foes. [potion of mutation]
 59195 | Depths:2 | Gained mutation: You sometimes lose the ability to read
                  | scrolls when taking damage. [potion of mutation]
 59195 | Depths:2 | Gained mutation: You possess an exceptional clarity of
                  | mind. [potion of mutation]
 59196 | Depths:2 | Lost mutation: You possess an exceptional clarity of mind.
                  | [potion of mutation]
 59196 | Depths:2 | Lost mutation: Your movements are slightly less encumbered
                  | by armour. (ER -2) [potion of mutation]
 59196 | Depths:2 | Gained mutation: You are dopey. (Int -2) [potion of
                  | mutation]
 59197 | Depths:2 | Lost mutation: You sometimes lose the ability to read
                  | scrolls when taking damage. [potion of mutation]
 59197 | Depths:2 | Lost mutation: You occasionally lose the ability to read
                  | scrolls when taking damage. [potion of mutation]
 59197 | Depths:2 | Gained mutation: You are agile. (Dex +4, Str/Int -1)
                  | [potion of mutation]
 59197 | Depths:2 | Lost mutation: You are agile. (Dex +4, Str/Int -1) [potion
                  | of mutation]
 59251 | Pan      | Entered Pandemonium
 59479 | Pan      | Reached XP level 27. HP: 186/186 MP: 39/39
 59787 | Pan      | Identified the ring of the Lotus Blossom {rF+ rC+ Str+3
                  | Int+6 Stlth-}
 59825 | Pan      | Noticed Ignacio
 59837 | Pan      | Killed Ignacio
 60077 | Pan      | Entered the realm of Cerebov.
 60584 | Pan      | Got the Vellum of the Indurated Curse
 60693 | Pan      | Found the +6 sword of Cerebov {flame}
 60693 | Pan      | Noticed Cerebov
 60708 | Pan      | Killed Cerebov
 60720 | Pan      | Identified the +1 mace "Moor" {antimagic, rC- Will+ SInv}
 60727 | Pan      | Got the Directory of Igneous Impurities
 60799 | Pan      | Got a fiery rune of Zot
 61143 | Pan      | Entered the realm of Lom Lobon.
 61143 | Pan      | Noticed Lom Lobon
 61463 | Pan      | Identified the +8 dire flail "Beastslayer" {antimagic,
                  | Int+3 Dex+3}
 61736 | Pan      | Killed Lom Lobon
 61746 | Pan      | Got a magical rune of Zot
 61950 | Pan      | Entered the realm of Mnoleg.
 61955 | Pan      | Gained mutation: Your spells are a little easier to cast,
                  | but a little less powerful. [a neqoxec]
 61959 | Pan      | Paralysed by a floating eye for 4 turns
 61962 | Pan      | Gained mutation: You occasionally lose the ability to drink
                  | potions when taking damage. [a neqoxec]
 61972 | Pan      | Gained mutation: You sometimes lose your temper in combat.
                  | [a cacodemon]
 61985 | Pan      | Gained mutation: Your magical capacity is low. (-10% MP) [a
                  | cacodemon]
 61986 | Pan      | Gained mutation: You are very dopey. (Int -4) [a cacodemon]
 62011 | Pan      | Gained mutation: Your body sometimes deteriorates upon
                  | taking damage. [a neqoxec]
 62013 | Pan      | Gained mutation: You are frail. (-10% HP) [a neqoxec]
 62092 | Pan      | Gained mutation: Your magical capacity is very low. (-20%
                  | MP) [a neqoxec]
 62174 | Pan      | Found an exit through the horrors of the Abyss.
 62405 | Pan      | Gained mutation: Armour fits poorly on your strangely
                  | shaped body. [a cacodemon]
 62405 | Pan      | Paralysed by a floating eye for 4 turns
 62410 | Pan      | Paralysed by a floating eye for 2 turns
 62463 | Pan      | Paralysed by a floating eye for 3 turns
 62465 | Pan      | Noticed Mnoleg
 62473 | Pan      | Gained mutation: Your magical capacity is extremely low.
                  | (-30% MP) [a shining eye]
 62502 | Pan      | Killed Mnoleg
 62533 | Pan      | Lost mutation: Your magical capacity is extremely low.
                  | (-30% MP) [potion of mutation]
 62533 | Pan      | Lost mutation: Your muscles are strong. (Str +4, Int/Dex
                  | -1) [potion of mutation]
 62533 | Pan      | Gained mutation: You are somewhat resistant to further
                  | mutation. [potion of mutation]
 62533 | Pan      | Gained mutation: A frigid envelope surrounds you and
                  | freezes all who hurt you. [potion of mutation]
 62534 | Pan      | Lost mutation: You are somewhat resistant to further
                  | mutation. [potion of mutation]
 62534 | Pan      | Lost mutation: You are very dopey. (Int -4) [potion of
                  | mutation]
 62534 | Pan      | Lost mutation: You are frail. (-10% HP) [potion of
                  | mutation]
 62534 | Pan      | Lost mutation: You sometimes lose your temper in combat.
                  | [potion of mutation]
 62534 | Pan      | Gained mutation: You have hidden genetic defects. [potion
                  | of mutation]
 62534 | Pan      | Gained mutation: You are covered in fur. (AC +1) [potion of
                  | mutation]
 62534 | Pan      | Gained mutation: You are robust. (+10% HP) [potion of
                  | mutation]
 62535 | Pan      | Lost mutation: Armour fits poorly on your strangely shaped
                  | body. [potion of mutation]
 62535 | Pan      | Lost mutation: Your body sometimes deteriorates upon taking
                  | damage. [potion of mutation]
 62535 | Pan      | Lost mutation: You are dopey. (Int -2) [potion of mutation]
 62535 | Pan      | Gained mutation: Your natural rate of healing is unusually
                  | fast. [potion of mutation]
 62536 | Pan      | Lost mutation: Your natural rate of healing is unusually
                  | fast. [potion of mutation]
 62536 | Pan      | Lost mutation: Your magical capacity is very low. (-20% MP)
                  | [potion of mutation]
 62536 | Pan      | Lost mutation: You occasionally lose the ability to drink
                  | potions when taking damage. [potion of mutation]
 62536 | Pan      | Gained mutation: You are partially covered in iridescent
                  | scales. (AC +2) [potion of mutation]
 62536 | Pan      | Gained mutation: You have sharp toenails. [potion of
                  | mutation]
 62572 | Pan      | Gained mutation: You are dopey. (Int -2) [a cacodemon]
 62660 | Pan      | Got a glowing rune of Zot
 62729 | Pan      | Gained mutation: Armour fits poorly on your strangely
                  | shaped body. [a neqoxec]
 62731 | Pan      | Gained mutation: You are vulnerable to cold. (rC-) [a
                  | neqoxec]
 62742 | Pan      | Reached skill level 25 in Invocations
 62749 | Pan      | Took an exit into the Abyss.
 62749 | Abyss:3  | Escaped into the Abyss
 62754 | Depths:2 | Escaped the Abyss
 62945 | Vaults:2 | Bought a scroll of magic mapping for 97 gold pieces
 62945 | Vaults:2 | Bought a scroll of magic mapping for 97 gold pieces
 62945 | Vaults:2 | Bought a scroll of summoning for 123 gold pieces
 63095 | Hell     | Entered the Vestibule of Hell
 63095 | Hell     | Noticed Geryon
 63139 | Hell     | Killed Geryon
 63200 | Hell     | Gained mutation: Your body sometimes deteriorates upon
                  | taking damage. [hidden defects]
 63202 | Hell     | Found a gateway to the ashen valley of Gehenna.
 63259 | Hell     | Found a gateway to the Iron City of Dis.
 63308 | Hell     | Found a gateway to the freezing wastes of Cocytus.
 63366 | Hell     | Found a gateway to the decaying netherworld of Tartarus.
 63679 | Coc:1    | Entered Level 1 of Cocytus
 63805 | Hell     | Lost mutation: You are covered in fur. (AC +1) [potion of
                  | mutation]
 63805 | Hell     | Lost mutation: A frigid envelope surrounds you and freezes
                  | all who hurt you. [potion of mutation]
 63805 | Hell     | Lost mutation: Your body sometimes deteriorates upon taking
                  | damage. [potion of mutation]
 63805 | Hell     | Lost mutation: You are dopey. (Int -2) [potion of mutation]
 63806 | Hell     | Lost mutation: You are robust. (+10% HP) [potion of
                  | mutation]
 63806 | Hell     | Lost mutation: You are vulnerable to cold. (rC-) [potion of
                  | mutation]
 63806 | Hell     | Gained mutation: Your flesh is cold resistant. (rC+)
                  | [potion of mutation]
 63823 | Coc:1    | Paralysed by a wendigo for 1 turns
 64261 | Zot:1    | Entered Level 1 of the Realm of Zot
 64445 | Zot:1    | Found a runed translucent gate.
 64445 | Zot:1    | Found a runed translucent gate.
 64445 | Zot:1    | Found a runed translucent gate.
 64445 | Zot:1    | Found an ancient bone altar of Kikubaaqudgha.
 64445 | Zot:1    | Noticed Adanaf's ghost (master MiBe)
 64445 | Zot:1    | Noticed Kuilauji's ghost (legendary GnFE)
 64445 | Zot:1    | Noticed Karoneja's ghost (adept MeHs)
 64446 | Zot:1    | Noticed a dread lich
 64446 | Zot:1    | Noticed a dread lich
 64586 | Zot:1    | Identified the +0 leather armour "Raecil" {Str+4 Dex-5
                  | Slay+5 Stlth+}
 64626 | Zot:1    | Found Tonah's CLEARANCE SALE!.
 64665 | Zot:1    | Gained mutation: You are weak. (Str -2) [hidden defects]
 64665 | Zot:1    | Lost mutation: You have hidden genetic defects. [hidden
                  | defects expressed]
 64977 | Zot:1    | Killed a dread lich
 64986 | Zot:1    | Killed Adanaf's ghost
 64989 | Zot:1    | Killed a dread lich
 64991 | Zot:1    | Killed Kuilauji's ghost
 64997 | Zot:1    | Killed Karoneja's ghost
 65007 | Zot:1    | Identified the amulet of Gury {Faith Int+2}
 65017 | Zot:1    | Identified the +0 pair of gloves "Zoamaec" {MP-9 Str+3
                  | SInv}
 67120 | Zot:3    | Reached skill level 26 in Invocations
 67127 | Zot:3    | Lost mutation: You are weak. (Str -2) [potion of mutation]
 67127 | Zot:3    | Lost mutation: You are partially covered in iridescent
                  | scales. (AC +2) [potion of mutation]
 67127 | Zot:3    | Lost mutation: Your spells are a little easier to cast, but
                  | a little less powerful. [potion of mutation]
 67127 | Zot:3    | Gained mutation: Your muscles are strong. (Str +4, Int/Dex
                  | -1) [potion of mutation]
 67127 | Zot:3    | Gained mutation: Your magical capacity is very low. (-20%
                  | MP) [potion of mutation]
 67208 | Zot:3    | Identified the +12 shortbow of Big Damage {freeze, *Corrode
                  | Int+3 Dex+4}
 68807 | Zot:5    | Entered Level 5 of the Realm of Zot
 69179 | Zot:5    | Noticed an orb of fire
 69184 | Zot:5    | Noticed a dread lich
 69186 | Zot:5    | Noticed an ancient lich
 69190 | Zot:5    | Noticed a dread lich
 69194 | Zot:5    | Noticed an ancient lich
 69195 | Zot:5    | Killed an orb of fire
 69196 | Zot:5    | Killed a dread lich
 69196 | Zot:5    | Noticed a dread lich
 69198 | Zot:5    | Killed an ancient lich
 69200 | Zot:5    | Noticed a dread lich
 69203 | Zot:5    | Killed a dread lich
 69206 | Zot:5    | Killed an ancient lich
 69208 | Zot:5    | Killed a dread lich
 69210 | Zot:5    | Noticed a dread lich
 69211 | Zot:5    | Killed a dread lich
 69221 | Zot:5    | Killed a dread lich
 69229 | Zot:5    | Noticed an ancient lich
 69237 | Zot:5    | Killed an ancient lich
 69288 | Zot:5    | Noticed an orb of fire
 69296 | Zot:5    | Noticed an orb of fire
 69300 | Zot:5    | Killed an orb of fire
 69305 | Zot:5    | Gained mutation: You are vulnerable to heat. (rF-) [an orb
                  | of fire]
 69307 | Zot:5    | Killed an orb of fire
 69308 | Zot:5    | Lost mutation: You have sharp toenails. [potion of
                  | mutation]
 69308 | Zot:5    | Lost mutation: Armour fits poorly on your strangely shaped
                  | body. [potion of mutation]
 69308 | Zot:5    | Lost mutation: You are vulnerable to heat. (rF-) [potion of
                  | mutation]
 69308 | Zot:5    | Gained mutation: You do not regenerate when monsters are
                  | visible. [potion of mutation]
 69308 | Zot:5    | Gained mutation: You occasionally shout uncontrollably at
                  | your foes. [potion of mutation]
 69308 | Zot:5    | Gained mutation: You have hidden genetic defects. [potion
                  | of mutation]
 69349 | Zot:5    | Noticed an ancient lich
 69357 | Zot:5    | Killed an ancient lich
 69538 | Zot:5    | Noticed a dread lich
 69545 | Zot:5    | Killed a dread lich
 69550 | Zot:5    | Noticed an ancient lich
 69558 | Zot:5    | Killed an ancient lich
 69680 | Zot:5    | Noticed an ancient lich
 69688 | Zot:5    | Killed an ancient lich
 69708 | Zot:5    | Noticed an orb of fire
 69710 | Zot:5    | Gained mutation: Your body sometimes deteriorates upon
                  | taking damage. [hidden defects]
 70194 | Geh:1    | Entered Level 1 of Gehenna
 70231 | Geh:1    | Reached skill level 27 in Invocations
 70604 | Geh:3    | Killed from afar by a Brimstone Fiend

Illustrated notes

Levels and vault maps discovered:
D:1:      wander_arrival_chamber, layout_basic, kennysheep_boxes
D:2:      layout_rooms, dilly_ecumenical_altar_fadedgnrine, basic_altar,
          uniq_terence
D:3:      layout_basic, mainiacjoe_overflow_swirl, jmf_multi_god_temple,
          minmay_puff
D:4:      layout_loops_corners, minmay_temple_entry_junction_2,
          minmay_joined_circles, uniq_robin, uniq_duvessa
D:5:      layout_layer_cave, uniq_crazy_yiuf_cottage
D:6:      layout_rooms, mainiacjoe_overflow_catwalk, serial_shops,
          nicolae_shop_statue_plus, serial_park_tiny_1, uniq_blork_the_orc,
          uniq_menkaure
D:7:      layout_loops_cross, mainiacjoe_overflow_surrounded_room,
          mainiacjoe_overflow_alcove_4, uniq_prince_ribbit1
D:8:      minmay_the_grid_triangle_9x9_rhombus_full
          [minmay_the_grid_triangle_9x9_zippers_horizontal,
          minmay_the_grid_triangle_9x9_descending_squares,
          minmay_the_grid_triangle_9x9_wacky_v,
          minmay_the_grid_triangle_9x9_corruption,
          minmay_the_grid_triangle_9x9_negative_grid,
          minmay_the_grid_triangle_9x9_zippers_vertical,
          minmay_the_grid_triangle_9x9_limited_checkers,
          minmay_the_grid_triangle_9x9_prize_insulated], layout_loops_corners,
          dpeg_lair_monsters, enter_ossuary_2
D:9:      cheibrodos_elevator_heist, layout_basic
D:10:     layout_roguey, mainiacjoe_overflow_alcove_1,
          mainiacjoe_overflow_24_doors, dreamdust_gnoll_shepherd
D:11:     layout_long_grid, orc_david_3
D:12:     layout_irregular_city, uniq_maurice
D:13:     layout_long_grid, erik_vaults_2
D:14:     layout_loops_cross, evilmike_ruin_ashenzari, hangedman_corner_corridor
D:15:     hangedman_depths_entry_try_elsewhere_first, layout_loops_ring,
          minivault_14, uniq_azrael
Temple:   hellmonk_temple_divided_pantheon
Lair:1:   layout_regular_city, serial_bayou_shore_a, grunt_megastairs_3,
          lemuel_fruit_tree, uniq_sonja
Lair:2:   layout_layer_cave, spider_nest_entry_rubble, minmay_lindwurm_lava,
          uniq_gastronok
Lair:3:   layout_cave_pods, nicolae_swamp_entry_spooky, fungi_pond_lemuel,
          eino_house_with_fridge
Lair:4:   layout_cave_pods, grunt_forest_stairs_basic,
          nicolae_quartered_pool_medium, uniq_kirke
Lair:5:   hangedman_lair_tendril_chambers, layout_gridlike,
          guppyfry_lair_end_dragon, nicolae_slime_entry_slimehenge,
          serial_bayou_lagoon_b
Swamp:1:  layout_basic_swamp, lemuel_altar_in_water
Swamp:2:  layout_falls_marsh, nicolae_swamp_rocky_clearing
Swamp:3:  layout_basic_swamp, evilmike_swamp_ruin_rubble_1
Swamp:4:  swamp_pestilence, layout_basic_swamp
Spider:1: nicolae_spider_hilbert_zone_1 [nicolae_spider_hilbert_4_sides_1_open,
          nicolae_spider_hilbert_4_sides_1_open,
          nicolae_spider_hilbert_4_sides_1_open,
          nicolae_spider_hilbert_4_sides_1_open,
          nicolae_spider_hilbert_3_sides_1_open,
          nicolae_spider_hilbert_3_sides_1_open,
          nicolae_spider_hilbert_3_sides_1_open,
          nicolae_spider_hilbert_3_sides_1_open,
          nicolae_spider_hilbert_3_sides_1_open,
          nicolae_spider_hilbert_6_sides_1_open,
          nicolae_spider_hilbert_6_sides_1_open,
          nicolae_spider_hilbert_3_sides_1_open,
          nicolae_spider_hilbert_3_sides_1_open,
          nicolae_spider_hilbert_3_sides_1_open,
          nicolae_spider_hilbert_3_sides_1_open,
          nicolae_spider_hilbert_2_sides_1_open]
Spider:2: layout_spider_delve, uniq_mlioglotl, uniq_arachne
Spider:3: layout_spider_delve, spiders_nest_spider_trap
Spider:4: floodkiller_spider_rune_tomb
Orc:1:    layout_diamond_mine, serial_shops, shop, minmay_orc_keep, uniq_snorg,
          uniq_jorgrun, uniq_fannar, uniq_urug
Orc:2:    st_orc_congregation, layout_caves, nicolae_shop_vocational,
          uniq_josephine
Elf:1:    nicolae_elf_arrival_fired_up, layout_gridlike, serial_glass,
          glass_columns_a, glass_columns_b, minmay_elf_annihilation
Elf:2:    nicolae_elf_blades_crystal_corner, layout_loops_ring, serial_shops,
          nicolae_shop_tiny_waterfront
Elf:3:    minmay_elf_hall_spiked, layout_loops_cross, serial_shops, shop,
          minmay_elf_demonology
Vaults:1: portal_desolation_entry_nicolae_slug, hangedman_vaults_corner_blocks,
          v_pattern_1, nicolae_vaults_house_1, v_misc_23, v_alt_pattern_2,
          nicolae_vaults_double_plus_1, layout_vaults_omnigrid, serial_shops,
          shop
Vaults:2: nicolae_vaults_house_1, grunt_vaults_hallway_short,
          hangedman_vaults_stream, hangedman_vaults_corner,
          nicolae_vaults_tetromino_L_2, nicolae_vaults_tetromino_Z_2,
          nicolae_vaults_storage_closets_1, nicolae_vaults_closet_pinwheel_5,
          ontoclasm_vaults_fault, nicolae_vaults_network_s,
          nicolae_vaults_little_squares_2, ontoclasm_vaults_loading_screen,
          layout_vaults_omnicross, serial_shops, shop_fountains
Vaults:3: minmay_crypt_entry_simple_statues, v_alt_pattern_6, v_pattern_5,
          hangedman_vaults_variations, grunt_vaults_twisty, v_rooms_6,
          nicolae_vaults_double_plus_2, hangedman_vaults_capsules,
          nicolae_vaults_apartment_2, grunt_vaults_diagonal,
          nicolae_vaults_security_offices_6, nicolae_vaults_storage_room_doors,
          ontoclasm_vaults_claustrophobia, layout_vaults_ring
Vaults:4: nicolae_vaults_closet_pinwheel_4, nicolae_vaults_trapezoid_1,
          nicolae_vaults_arrows, nicolae_vaults_three_branches, v_alt_pattern_6,
          v_misc_17, nicolae_vaults_diagonal_hallway_8,
          nicolae_vaults_little_squares_6, v_misc_22, nicolae_vaults_octothorpe,
          nicolae_vaults_double_plus_2, layout_vaults_big_room, serial_shops,
          shop
Vaults:5: serial_shops, uniq_bai_suzhen
Depths:1: nzn_winding_woodlands_small [nzn_winding_woodlands_5x15_eye,
          nzn_winding_woodlands_center_pierced_h,
          nzn_winding_woodlands_5x15_twine], layout_gridville,
          minmay_splitting_lines, hangedman_geh_valley, serial_shops,
          bzr_entry_road, kennysheep_decorative_pillar,
          hangedman_abyss_or_decor_passed, chequers_jeans, hex_tiny,
          fedhas_altar_2
Depths:2: minmay_guarded_unrand_sceptre_of_torment, layout_honeycomb,
          serial_rivers, chequers_serial_rivers_large_a,
          chequers_serial_rivers_small_3, chequers_serial_rivers_marsh,
          chequers_serial_rivers_room_b, chequers_serial_rivers_micro_c,
          grunt_hell_entry_dis_old, serial_shops, kennysheep_mini,
          nicolae_shop_industrial_runoff, nicolae_shop_real_fake_doors,
          kennysheep_mini_moat, rand_demon_pan_entry_1
Depths:3: evilmike_diamond_2, layout_gridlike, abyss_entry, serial_shops,
          nicolae_shop_just_a_little_nook, hell_entry,
          chequers_serial_rivers_small_a
Depths:4: grunt_zot_entry_alcove, layout_gridlike, enter_ziggurat_c, hell_entry,
          abyss_entry, elyvilon_altar_5, uniq_boris
Hell
Geh:1:    layout_gehenna_pools_box
Geh:2:    layout_gehenna_lava_caves
Geh:3:    layout_gehenna_pools_triple
Coc:1:    layout_cocytus_water_paths
Zot:1:    layout_misc_corridors, gammafunk_ghost_crypt, lemuel_baited_zot_trap,
          nicolae_shop_clearance, grunt_megastairs_5, uniq_josephina
Zot:2:    layout_gridville
Zot:3:    grunt_zot_stairs_faceoff, layout_concentric_octagons
Zot:4:    layout_twisted_circle
Zot:5:    layout_basic, st_stairs_6

Skill      XL: |  1  2  3  4  5  6  7  8  9 10 11 12 13 14 15 16 17 18 19 20 21 22 23 24 25 26 27 |
---------------+----------------------------------------------------------------------------------+-----
Axes           | 2 3 4 5 6 7 9 11 12 13 14 15 16 17 18 19 20 21 24 | 24.0
Armour         | 4 5 7 9 10 12 13 14 15 16 17 18 19 20 21 22 25 | 25.6
Fighting       | 4 5 7 9 10 12 13 14 15 16 17 18 19 20 21 22 25 | 25.6
Shields        | 4 5 7 9 10 12 13 14 15 16 17 18 19 20 21 22 25 | 25.6
Evocations     | 2 3 5 7 9 10 | 10.2
Invocations    | 4 6 8 9 11 12 14 16 17 18 19 20 21 22 23 24 27 | 27.0

Action                     |  1- 3 |  4- 6 |  7- 9 | 10-12 | 13-15 | 16-18 | 19-21 | 22-24 | 25-27 || total
---------------------------+-------+-------+-------+-------+-------+-------+-------+-------+-------++-------
  Melee: War axe           |    75 |    32 |       |       |    29 |    23 |       |       |       ||   159
         Broad axe         |       |    85 |   141 |   392 |   557 |   696 |   771 |   941 |  2090 ||  5673
 Invoke: Divine Shield     |       |       |       |     4 |       |     1 |     1 |     2 |     8 ||    16
         Cleansing Flame   |       |       |       |     1 |     1 |     3 |     3 |     3 |    15 ||    26
         Summon Divine War |       |       |       |       |     1 |     1 |     4 |     2 |    26 ||    34
  Evoke: Wand              |       |       |       |       |       |     2 |       |     1 |     3 ||     6
    Use: Scroll            |       |    10 |     1 |    18 |     7 |    13 |     2 |    14 |    25 ||    90
         Potion            |       |     4 |       |    11 |     2 |     3 |     9 |     5 |    38 ||    72
 Armour: Scale mail        |    42 |    53 |    72 |   102 |       |       |       |       |       ||   269
         Plate armour      |       |       |       |    36 |   179 |   293 |   179 |   119 |       ||   806
         Gold dragon scale |       |       |       |       |       |       |       |   211 |   834 ||  1045
  Dodge: Dodged            |    44 |    53 |    82 |   117 |   148 |   285 |   212 |   341 |   517 ||  1799
  Block: Buckler           |    13 |    20 |    31 |    46 |       |       |       |       |       ||   110
         Kite shield       |       |       |       |   122 |   372 |   620 |   428 |   705 |  1662 ||  3909
